 Dungeon Crawl Stone Soup version 0.24.0-37-gcf1ca852f1 (webtiles) character file.

Game seed: 5659992708721930282, levelgen mode: deterministic

79505 lilbarb the Bludgeoner (level 15, 0/165 HPs)
             Began as an Ogre Gladiator on Nov 22, 2019.
             Was the Champion of the Shining One.
             Slain by a wolf spider (9 damage)
             ... on level 1 of the Spider Nest.
             The game lasted 01:43:45 (43533 turns).

lilbarb the Bludgeoner (Ogre Gladiator)            Turns: 43533, Time: 01:43:45

Health: 0/165      AC:  9    Str: 22    XL:     15   Next: 63%
Magic:  24/24      EV: 10    Int:  9    God:    the Shining One [******]
Gold:   1191       SH:  0    Dex: 15    Spells: 14/14 levels left

rFire    . . .     SeeInvis .   a - +0 giant club
rCold    . . .     Gourm    .   (shield currently unavailable)
rNeg     + + +     Faith    .   X - +0 troll leather armour
rPois    +         Spirit   .   Q - +2 hat
rElec    .         Reflect  .   (no cloak)
rCorr    .         Harm     .   (gloves unavailable)
MR       +....                  (boots unavailable)
Stlth    +.........             C - amulet of the acrobat
HPRegen  0.77/turn              v - ring of poison resistance
MPRegen  0.19/turn              H - +2 ring of protection

@: lethally poisoned (0 -> -4), glowing
A: large, unfitting armour, tough skin 1
a: Divine Shield, Cleansing Flame, Summon Divine Warrior, Brand Weapon With Holy
Wrath, Renounce Religion


You were on level 1 of the Spider Nest.
You worshipped the Shining One.
The Shining One was exalted by your worship.
You were not hungry.

You visited 4 branches of the dungeon, and saw 24 of its levels.
You also visited: Ossuary.

You collected 2263 gold pieces.
You spent 1072 gold pieces at shops.

Inventory:

Hand Weapons
 a - a +0 giant club (weapon)
 b - a +0 hunting sling
 P - a +0 giant spiked club
 U - a +4 dagger of venom
Missiles
 d - 2 throwing nets
 e - 640 stones
 u - 134 sling bullets
 A - 9 poisoned darts
 I - 36 boomerangs (quivered)
 K - 18 large rocks
Armour
 Q - a +2 hat (worn)
 X - a +0 troll leather armour (worn)
Jewellery
 p - an uncursed ring of protection from cold
 v - a ring of poison resistance (left hand)
 w - an uncursed ring of positive energy
 x - an uncursed ring of ice
 y - an uncursed ring of flight
 C - an amulet of the acrobat (around neck)
 H - a +2 ring of protection (right hand)
Wands
 t - a wand of enslavement (11)
 G - a wand of flame (35)
 L - a wand of paralysis (34)
 M - a wand of polymorph (6)
 N - a wand of digging (1)
 S - a wand of iceblast (6)
Scrolls
 h - 6 scrolls of fear
 k - 18 scrolls of identify
 m - 13 scrolls of remove curse
 n - a scroll of fog
 q - a scroll of blinking
 r - 8 scrolls of teleportation
 s - 2 scrolls of enchant weapon
 D - a scroll of immolation
 F - 6 scrolls of amnesia
 O - a scroll of magic mapping
 R - 2 scrolls of enchant armour
Potions
 g - 3 potions of mutation
 i - a potion of ambrosia
 j - 3 potions of haste
 l - 8 potions of brilliance
 o - 2 potions of resistance
 z - 8 potions of flight
 B - 3 potions of invisibility
 E - 2 potions of cancellation
 J - 2 potions of might
 Y - 3 potions of agility
 Z - a potion of curing
Comestibles
 f - 12 rations


   Skills:
 + Level 14.9 Fighting
 - Level 18.0 Maces & Flails
 - Level 2.0 Throwing
 - Level 2.6 Dodging
 - Level 2.0 Stealth
 * Level 12.9 Invocations
 - Level 5.0 Evocations


You had 14 spell levels left.
You didn't know any spells.
Your spell library contained the following spells:

 Spells                   Type           Power        Failure   Level  Hunger
 Animate Skeleton         Necr           N/A          43%         1    ##.....
 Apportation              Tloc           #.....       43%         1    ##.....
 Beastly Appendage        Tmut           #.....       43%         1    ##.....
 Corona                   Hex            #......      43%         1    ##.....
 Flame Tongue             Conj/Fire      #....        43%         1    ##.....
 Pain                     Necr           #...         43%         1    ##.....
 Shock                    Conj/Air       #...         43%         1    ##.....
 Sting                    Conj/Pois      #...         43%         1    ##.....
 Summon Butterflies       Summ           #.......     43%         1    ##.....
 Corpse Rot               Necr           N/A          56%         2    ###....
 Ensorcelled Hibernation  Hex/Ice        #.....       56%         2    ###....
 Passwall                 Tmut/Erth      #.......     56%         2    ###....
 Poisonous Vapours        Pois/Air       #.....       56%         2    ###....
 Searing Ray              Conj           #.....       56%         2    ###....
 Slow                     Hex            #.......     56%         2    ###....
 Song of Slaying          Chrm           #.......     56%         2    ###....
 Sticks to Snakes         Tmut           #.......     56%         2    ###....
 Swiftness                Chrm/Air       #.......     56%         2    ###....
 Throw Flame              Conj/Fire      #.....       56%         2    ###....
 Confuse                  Hex            #.......     80%         3    ####...
 Conjure Flame            Conj/Fire      #.......     80%         3    ####...
 Dazzling Spray           Conj/Hex       #.....       80%         3    ####...
 Inner Flame              Hex/Fire       #.......     80%         3    ####...
 Lesser Beckoning         Tloc           #.........   80%         3    ####...
 Mephitic Cloud           Conj/Pois/Air  #.......     80%         3    ####...
 Portal Projectile        Hex/Tloc       #.....       80%         3    ####...
 Regeneration             Chrm/Necr      #.........   80%         3    ####...
 Spider Form              Tmut/Pois      #.........   80%         3    ####...
 Static Discharge         Conj/Air       #.......     80%         3    ####...
 Tukima's Dance           Hex            #.......     80%         3    ####...
 Vampiric Draining        Necr           #.........   80%         3    ####...
 Airstrike                Air            #.........   99%         4    #####..
 Animate Dead             Necr           N/A          99%         4    #####..
 Cause Fear               Hex            #.........   99%         4    #####..
 Ice Form                 Ice/Tmut       #.......     99%         4    #####..
 Leda's Liquefaction      Hex/Erth       #.........   99%         4    #####..
 Olgreb's Toxic Radiance  Pois           #.......     99%         4    #####..
 Petrify                  Tmut/Erth      #.......     99%         4    #####..
 Sticky Flame             Conj/Fire      #.......     99%         4    #####..
 Alistair's Intoxication  Tmut/Pois      #.......     100%        5    ######.
 Blade Hands              Tmut           #.........   100%        5    ######.
 Borgnjor's Vile Clutch   Necr/Erth      #.........   100%        5    ######.
 Fireball                 Conj/Fire      #.........   100%        5    ######.
 Lightning Bolt           Conj/Air       #.........   100%        5    ######.
 Venom Bolt               Conj/Pois      #.........   100%        5    ######.
 Invisibility             Hex            #.......     100%        6    #######
 Iron Shot                Conj/Erth      #.........   100%        6    #######


Dungeon Overview and Level Annotations

Branches:
Dungeon (15/15)            Temple (0/1) D:7            Lair (6/6) D:10
 Shoals (0/4) Lair:4       Spider (1/4) Lair:2        Slime (0/5) Lair:6
    Orc (2/2) D:10            Elf (0/3) Orc:2        Vaults (0/5) D:14
 Depths (0/5) D:15        Ossuary (visited)

Altars:
Cheibriados
Elyvilon
Gozag
Hepliaklqana
Nemelex Xobeh
Qazlal
Ru
Sif Muna
Trog
Uskayaw
Vehumet
Wu Jian
Xom
The Shining One
Beogh

Shops:
D:4 !   D:5 =   D:10 (%   Orc:2 !*(!

Annotations:
D:2 Sigmund
D:3 exclusions: 2 orcs and orc priest, Grinder
Lair:5 exclusions: downstairs and oklob plant
Lair:6 exclusion: oklob plant


Innate Abilities, Weirdness & Mutations

You are too large for most types of armour.
You have tough skin. (AC +1)


Message History

You feel sick. The wolf spider barely misses you. The wolf spider bites you!
* * * LOW HITPOINT WARNING * * *
Unknown command.
You sock the wolf spider!
The wolf spider is severely wounded.
You feel sick. The wolf spider hits you!
* * * LOW HITPOINT WARNING * * *
The wolf spider bites you but does no damage.
Unknown command.
You feel much better.
You feel sick. The wolf spider hits you!
* * * LOW HITPOINT WARNING * * *
The wolf spider bites you! The Shining One protects you from harm!
The wolf spider closely misses you.
The wolf spider bites you but does no damage.
Unknown command.
You sock the wolf spider!
The wolf spider is almost dead.
You feel sick. The wolf spider hits you!
You die...

#.......##..#..#
..(.......#...#
##.#.#......#. #
###..(.......^. ..
#.....?...#.#.##.#.
.#[.(.#..#......
#...#(..........
##...#.s........
#....†@........
#...#.....#....
#.............#.
#.#..#..#.#...^
#..#........>##
#...........#..
##...#.....#...
#..##......>#


You could see a wolf spider.

Vanquished Creatures
  Gastronok (D:10)
  An orc warlord (Orc:1)
  An emperor scorpion (Lair:2)
  A stone giant (Orc:2)
  Snorg (Lair:6)
  4 hydras
  A death knight (D:15)
  4 two-headed ogres
  2 catoblepae (Lair:6)
  A deep troll shaman (Lair:5)
  A vampire mage (D:15)
  6 orc high priests (Orc:2)
  8 death yaks
  Nergalle (Lair:1)
  Sonja (Lair:3)
  2 skeletal warriors
  6 unseen horrors
  2 orc knights (Orc:1)
  Pikel (D:7)
  A lindwurm (Lair:6)
  2 wolf spiders
  A phantasmal warrior (D:15)
  2 necromancers
  A wolf spider zombie (D:14)
  4 orc sorcerers
  A stone giant zombie (D:15)
  2 slime creatures (D:13)
  A manticore (D:12)
  3 ugly things
  3 cyclopes
  3 black mambas
  2 elephants (Lair:6)
  A gargoyle (D:13)
  A spriggan zombie (D:15)
  A kobold demonologist (D:15)
  13 spiny frogs
  A yaktaur (D:15)
  A torpor snail (Lair:6)
  6 komodo dragons
  2 demonic crawlers
  An efreet (D:15)
  5 trolls
  4 jumping spiders
  A polar bear (Lair:6)
  7 hippogriffs
  Prince Ribbit (D:7)
  20 blink frogs
  A shadow (D:13)
  A wyvern (shapeshifter) (D:15)
  3 redbacks
  An ettin skeleton (D:15)
  A deep troll skeleton (D:15)
  4 wyverns
  Grum (D:8)
  3 basilisks
  5 wraiths
  27 yaks
  2 hungry ghosts
  8 vampire mosquitoes
  7 wargs
  An acid dragon (D:12)
  2 soldier ants (D:9)
  16 water moccasins
  9 porcupines
  Duvessa (D:7)
  15 orc warriors
  3 slaves (D:7)
  5 ice beasts
  An eye of draining (D:9)
  3 sky beasts
  22 wolves
  8 ogres
  2 phantoms
  14 centaurs
  19 crocodiles
  3 big kobolds
  16 bullfrogs
  Dowan (D:7)
  2 wyvern skeletons
  2 scorpions
  11 wights
  4 electric eels
  2 howler monkeys
  6 crimson imps
  A quasit (D:10)
  5 centaur zombies
  3 bullfrog zombies
  6 hounds
  2 bullfrog skeletons (D:7)
  32 orc priests
  7 jellies
  2 centaur skeletons
  A gnoll shaman (D:4)
  Jessica (D:2)
  6 iguanas
  23 orc wizards
  8 worker ants
  4 hell rats (Lair:5)
  2 hound zombies
  8 mummies (Ossuary)
  2 worker ant zombies
  6 gnolls
  10 adders
  A howler monkey skeleton (D:5)
  6 shadow imps
  3 oozes
  An adder zombie (D:5)
  An adder skeleton (D:7)
  A dart slug (D:2)
  8 leopard geckos
  105 orcs
  3 ball pythons
  9 bats
  9 giant cockroaches
  5 goblins
  4 hobgoblins
  7 jackals
  4 quokkas
  7 frilled lizards
  A goblin zombie (D:5)
  3 hobgoblin zombies (Ossuary)
  15 kobolds
  2 kobold zombies (Ossuary)
  A leopard gecko skeleton (D:4)
  3 orc zombies (Ossuary)
  A quokka zombie (D:5)
  4 rats
  2 bushes
  A withered plant (D:15)
704 creatures vanquished.

Vanquished Creatures (others)
  A slave (D:7)
  An orc wizard (Orc:1)
  An orc (D:7)
  7 fungi
  8 plants
18 creatures vanquished.

Grand Total: 722 creatures vanquished

Notes
Turn   | Place    | Note
-------+----------+-------------------------------------------
     0 | D:1      | lilbarb the Ogre Gladiator began the quest for the Orb.
     0 | D:1      | Reached XP level 1. HP: 22/22 MP: 1/1
   124 | D:1      | Reached skill level 1 in Stealth
   192 | D:1      | Reached XP level 2. HP: 29/29 MP: 2/2
   881 | D:2      | Reached XP level 3. HP: 35/36 MP: 3/3
   907 | D:2      | Found a snail-covered altar of Cheibriados.
  1216 | D:2      | Found an opulent altar of Gozag.
  1222 | D:2      | Noticed Sigmund
  1266 | D:2      | Reached skill level 3 in Maces & Flails
  1326 | D:2      | Noticed Jessica
  1337 | D:2      | Killed Jessica
  1337 | D:2      | Reached XP level 4. HP: 32/45 MP: 4/4
  1447 | D:2      | Found a shimmering blue altar of Sif Muna.
  2074 | D:3      | Noticed Grinder
  2089 | D:3      | Reached XP level 5. HP: 42/54 MP: 5/5
  2358 | D:3      | Reached skill level 4 in Maces & Flails
  3073 | D:3      | Found a hazy altar of Hepliaklqana.
  3076 | D:3      | Found a shimmering altar of Xom.
  3078 | D:3      | Noticed a spectral ugly thing
  3748 | D:4      | Found an opulent altar of Gozag.
  3843 | D:4      | Reached XP level 6. HP: 41/63 MP: 6/6
  4280 | D:4      | Found Kiuroogyrph's Distillery.
  4283 | D:4      | Bought a potion of lignification for 36 gold pieces
  4283 | D:4      | Bought a potion of invisibility for 96 gold pieces
  4283 | D:4      | Bought a potion of might for 48 gold pieces
  4298 | D:4      | Found a sparkling altar of Nemelex Xobeh.
  4428 | D:4      | Found a glowing golden altar of the Shining One.
  4428 | D:4      | Found a stormy altar of Qazlal.
  4429 | D:4      | Found a radiant altar of Vehumet.
  4435 | D:4      | Became a worshipper of the Shining One
  4463 | D:4      | Found a bloodstained altar of Trog.
  4631 | D:4      | Reached skill level 5 in Fighting
  4631 | D:4      | Reached skill level 5 in Maces & Flails
  4918 | D:5      | Entered Level 5 of the Dungeon
  4936 | D:5      | Found a sand-covered staircase.
  4947 | Ossuary  | Entered an ossuary
  4965 | Ossuary  | Reached * piety under the Shining One
  5155 | Ossuary  | Reached XP level 7. HP: 60/72 MP: 7/7
  5487 | D:5      | Reached ** piety under the Shining One
  5506 | D:4      | Reached skill level 1 in Invocations
  5788 | D:5      | Reached skill level 6 in Maces & Flails
  6053 | D:5      | Reached XP level 8. HP: 73/84 MP: 8/10
  6389 | D:5      | Reached skill level 7 in Maces & Flails
  6431 | D:5      | Found Dodut's Jewellery Shoppe.
  6431 | D:5      | Found an ornate altar of the Wu Jian Council.
  6433 | D:5      | Bought a +2 ring of protection for 120 gold pieces
  6571 | D:6      | Found a white marble altar of Elyvilon.
  7536 | D:7      | Noticed Prince Ribbit
  7549 | D:7      | Killed Prince Ribbit
  7549 | D:7      | Reached XP level 9. HP: 35/96 MP: 12/12
  7939 | D:7      | Noticed Duvessa
  7948 | D:7      | Noticed Dowan
  8362 | D:7      | Reached skill level 8 in Maces & Flails
  8363 | D:7      | Found a staircase to the Ecumenical Temple.
  8406 | D:7      | Noticed Pikel
  8457 | D:7      | Killed Pikel
  8457 | D:7      | Reached skill level 5 in Invocations
  9015 | D:7      | Killed Duvessa
  9043 | D:7      | Killed Dowan
  9408 | D:7      | Reached skill level 9 in Maces & Flails
 10718 | D:8      | Noticed Grum
 10722 | D:8      | Reached XP level 10. HP: 84/107 MP: 14/14
 10739 | D:8      | Killed Grum
 11200 | D:8      | Reached *** piety under the Shining One
 11313 | D:8      | Reached skill level 10 in Maces & Flails
 11542 | D:8      | Reached skill level 10 in Fighting
 12276 | D:9      | Noticed an unseen horror
 12302 | D:9      | Killed an unseen horror
 13263 | D:9      | Found a hide-covered altar of Uskayaw.
 13606 | D:9      | Noticed a red ugly thing
 13614 | D:9      | Killed a red ugly thing
 13846 | D:10     | Entered Level 10 of the Dungeon
 13894 | D:10     | Reached skill level 11 in Maces & Flails
 13951 | D:10     | Reached XP level 11. HP: 110/119 MP: 17/17
 14384 | D:10     | Found a staircase to the Lair.
 14555 | D:10     | Found Reegg's Food Boutique.
 14630 | D:10     | Found a staircase to the Orcish Mines.
 14655 | D:10     | Found Unlifu's Antique Weapon Emporium.
 15515 | D:11     | Noticed an unseen horror
 15557 | D:11     | HP: 6/120 [unseen horror (8)]
 15559 | D:11     | Killed an unseen horror
 15916 | D:11     | Noticed a cyclops
 15940 | D:11     | Killed a cyclops
 16930 | D:11     | Reached skill level 12 in Maces & Flails
 17051 | D:11     | Reached **** piety under the Shining One
 17700 | D:11     | Noticed an unseen horror
 17711 | D:11     | Killed an unseen horror
 17830 | D:12     | Noticed a green ugly thing
 17851 | D:12     | Killed a green ugly thing
 18427 | D:12     | Found a glowing golden altar of the Shining One.
 18452 | D:12     | Noticed a cyan ugly thing
 18452 | D:12     | Noticed a manticore
 18481 | D:12     | Killed a cyan ugly thing
 18481 | D:12     | Reached XP level 12. HP: 102/133 MP: 19/19
 18500 | D:12     | Noticed a two-headed ogre
 18524 | D:12     | Killed a two-headed ogre
 18524 | D:12     | Reached skill level 10 in Invocations
 18808 | D:12     | You fall into a shaft and drop 1 floor!
 19390 | D:13     | Reached skill level 13 in Maces & Flails
 19855 | Lair:1   | Entered Level 1 of the Lair of Beasts
 19868 | Lair:1   | Noticed Gastronok
 20234 | D:4      | Bought a potion of lignification for 36 gold pieces
 20234 | D:4      | Bought a potion of lignification for 36 gold pieces
 20403 | D:10     | Killed Gastronok
 21131 | Lair:1   | Noticed Nergalle
 21175 | Lair:1   | Killed Nergalle
 22407 | Lair:1   | Reached XP level 13. HP: 125/145 MP: 21/21
 23273 | Lair:2   | You fall into a shaft and drop 1 floor!
 23323 | Lair:3   | Reached skill level 14 in Maces & Flails
 24198 | Lair:3   | Noticed Sonja
 24204 | Lair:3   | Killed Sonja
 25696 | Lair:4   | Found a staircase to the Shoals.
 26860 | Lair:5   | Found a bloodstained altar of Trog.
 28072 | Lair:5   | Reached skill level 1 in Evocations
 28413 | Lair:6   | Entered Level 6 of the Lair of Beasts
 29227 | Lair:5   | HP: 7/148 [poisoned by a water moccasin]
 29232 | Lair:5   | HP: 5/148 [poisoned by a water moccasin]
 29238 | Lair:5   | HP: 4/148 [poisoned by a water moccasin]
 29244 | Lair:5   | HP: 4/148 [poisoned by a water moccasin]
 29252 | Lair:5   | HP: 5/148 [poisoned by a water moccasin]
 30265 | Lair:6   | Noticed Snorg
 30595 | Lair:6   | Reached skill level 15 in Maces & Flails
 30776 | Lair:6   | Reached XP level 14. HP: 83/157 MP: 23/23
 30819 | Lair:6   | Killed Snorg
 32689 | Lair:6   | Found a staircase to the Slime Pits.
 32792 | Lair:6   | Reached skill level 5 in Evocations
 35041 | Lair:6   | Identified the Collected Works on Earthen Envenoming
 35413 | Lair:5   | Found a bloodstained altar of Trog.
 36251 | D:13     | Reached skill level 16 in Maces & Flails
 36768 | D:14     | Found a sacrificial altar of Ru.
 36850 | D:14     | Found a gate to the Vaults.
 37026 | D:14     | Found a glowing golden altar of the Shining One.
 37038 | D:14     | Identified A Primer on Wizardry
 37859 | D:14     | Reached ***** piety under the Shining One
 38026 | D:15     | Entered Level 15 of the Dungeon
 38448 | D:15     | Found a staircase to the Depths.
 38475 | D:15     | Reached skill level 17 in Maces & Flails
 39359 | D:15     | Reached XP level 15. HP: 58/165 MP: 24/24
 40405 | Orc:1    | Entered Level 1 of the Orcish Mines
 40405 | Orc:1    | Noticed an orc warlord
 40433 | Orc:1    | Killed an orc warlord
 40985 | Orc:2    | Entered Level 2 of the Orcish Mines
 41286 | Orc:2    | Found a staircase to the Elven Halls.
 41374 | Orc:2    | Reached skill level 18 in Maces & Flails
 41394 | Orc:2    | HP: 8/165 [stone giant/large rock (31)]
 41688 | Orc:2    | Found a roughly hewn altar of Beogh.
 42078 | Orc:2    | Found Mell's Distillery.
 42095 | Orc:2    | Found Vafun's General Store.
 42104 | Orc:2    | Reached ****** piety under the Shining One
 42127 | Orc:2    | Bought a potion of agility for 72 gold pieces
 42127 | Orc:2    | Bought a potion of curing for 54 gold pieces
 42167 | Orc:2    | Found Ceonuf's Distillery.
 42167 | Orc:2    | Found Ebiabb's Antique Weapon Shop.
 42191 | Orc:2    | Bought 2 potions of haste for 280 gold pieces
 42191 | Orc:2    | Bought a potion of agility for 56 gold pieces
 42191 | Orc:2    | Bought a potion of agility for 56 gold pieces
 42191 | Orc:2    | Bought a potion of lignification for 42 gold pieces
 42191 | Orc:2    | Bought a potion of haste for 140 gold pieces
 42663 | Lair:2   | Found a hole to the Spider Nest.
 43138 | Spider:1 | Entered Level 1 of the Spider Nest
 43138 | Spider:1 | Noticed an emperor scorpion
 43156 | Lair:2   | Killed an emperor scorpion
 43531 | Spider:1 | HP: 2/165 [wolf spider (17)]
 43532 | Spider:1 | The Shining One protects you from harm!
 43533 | Spider:1 | Slain by a wolf spider

Levels and vault maps discovered:
D:1:      lemuel_arrival_cross, layout_basic
D:2:      layout_basic, kennysheep_slug_shrine, led_sif_pool,
          lemuel_doored_altar, uniq_jessica, uniq_sigmund
D:3:      layout_loops_ring, regret_index_temple_of_mockery, eino_tiny_chamber,
          uniq_grinder
D:4:      layout_basic, marbit_many_paths, gammafunk_temple_overflow_claw,
          kennysheep_little_box, serial_shops, kennysheep_mini, first_ration,
          grunt_gozag_breadcrumbs
D:5:      layout_rooms, lemuel_round_altar, enter_ossuary_4, serial_shops, shop,
          minmay_a_box_with_orc_wizards_in_it
D:6:      layout_basic, elyvilon_altar_4
D:7:      layout_basic, minmay_temple_entry_offerings, serial_bayou_lagoon_b,
          uniq_prince_ribbit1, uniq_pikel, uniq_duvessa
D:8:      layout_basic, uniq_grum
D:9:      layout_gridville, nicolae_overflow_hidden_temple,
          hangedman_pestilent_swarm
D:10:     layout_roguey, minmay_lair_entry_grove, orc_0_dummy, serial_shops,
          shop, shop
D:11:     layout_basic
D:12:     layout_rooms, basic_altar
D:13:     layout_long_grid, minmay_misc_feat_rows,
          minmay_misc_feat_secret_circle
D:14:     layout_roguey, david_vaults_1, basic_altar,
          nicolae_ru_sacrificial_ziggurat
D:15:     gammafunk_depths_entry_grave, layout_gridville
Lair:1:   layout_regular_city, serial_bayou_pond_a, serial_bayou_shore_a,
          infiniplex_staircase_pool, grunt_megastairs_4, uniq_gastronok,
          uniq_nergalle
Lair:2:   layout_regular_city, spider_nest_entry_funnel_web
Lair:3:   layout_hall_layers, serial_rivers, chequers_serial_rivers_micro_d,
          chequers_serial_rivers_large_a, chequers_serial_rivers_small_3,
          chequers_serial_rivers_small_b, chequers_serial_rivers_micro_d,
          grunt_megastairs_2, uniq_sonja
Lair:4:   layout_roguey, minmay_shoals_entry_centaurs, st_stairs_5
Lair:5:   layout_small_grid, basic_altar, enter_volcano_2, patterned_corridor,
          minmay_lair_oklob_chamber
Lair:6:   grunt_lair_end_beastmaster, layout_regular_city,
          dpeg_slime_entry_corner, uniq_snorg
Spider:1: layout_spider_delve
Orc:1:    layout_diamond_mine, basic_altar, mines1_david
Orc:2:    st_orc_town, layout_caves

Skill      XL: |  1  2  3  4  5  6  7  8  9 10 11 12 13 14 15 |
---------------+----------------------------------------------+-----
Stealth        | 1 2 |  2.0
Fighting       | 3 4 5 6 7 9 10 12 13 14 | 14.9
Maces & Flails | 3 4 5 6 7 9 11 12 13 15 17 18 | 18.0
Invocations    | 2 4 6 8 9 11 12 | 12.9
Evocations     | 3 5 |  5.0
Throwing       | |  2.0
Dodging        | |  2.6

Action                   |  1- 3 |  4- 6 |  7- 9 | 10-12 | 13-15 || total
-------------------------+-------+-------+-------+-------+-------++-------
Melee: Flail             |    17 |       |       |   213 |   546 ||   776
       Mace              |    88 |   160 |   366 |   704 |    21 ||  1339
       Whip              |       |    61 |       |       |       ||    61
       Giant club        |       |       |       |       |   571 ||   571
 Fire: Hunting sling     |       |   163 |   156 |   112 |   156 ||   587
Throw: Stone             |    43 |     9 |     3 |       |       ||    55
       Dart              |       |       |    10 |     4 |       ||    14
       Boomerang         |       |       |     2 |    33 |    57 ||    92
       Throwing net      |       |       |     2 |       |       ||     2
       Large rock        |       |       |       |     8 |     2 ||    10
Invok: Divine Shield     |       |       |     5 |     4 |     6 ||    15
       Cleansing Flame   |       |       |       |     9 |     9 ||    18
Evoke: Wand              |       |       |     1 |    17 |    24 ||    42
  Use: Scroll            |     1 |     1 |    14 |     5 |     9 ||    30
       Potion            |       |     4 |     4 |     8 |     3 ||    19
  Eat: Chunk             |     1 |     9 |     6 |    15 |    22 ||    53
       Ration            |       |     1 |     4 |     7 |    14 ||    26
Armor: Robe              |    41 |    86 |   158 |   282 |   173 ||   740
       Skin              |       |    27 |       |    39 |    18 ||    84
       Troll leather arm |       |       |       |       |   117 ||   117
Dodge: Dodged            |    76 |   110 |   201 |   359 |   522 ||  1268
Block: Other             |       |       |    14 |    51 |     9 ||    74
